 Dungeon Crawl Stone Soup version 0.31-a0-355-g57cb03d3e8 (webtiles) character file.

Game seed: 3194673136595064239

79505 drugrobin the Fighter (level 14, -3/119 HPs)
             Began as a Demigod Delver on July 25, 2023.
             Slain by a jiangshi (4 damage)
             ... on level 13 of the Dungeon.
             The game lasted 01:58:19 (32928 turns).

drugrobin the Fighter (Demigod Delver)             Turns: 32928, Time: 01:58:20

Health: -3/119     AC: 12    Str: 31    XL:     14   Next: 80%
Magic:  8/35       EV: 12    Int: 22    God:
Gold:   315        SH:  5    Dex: 15    Spells: 7/37 levels left

rFire   . . .        c - +2 flail (holy)
rCold   . . .        (no shield)
rNeg    . . .        L - +0 troll leather armour
rPois   .            v - +1 helmet {Int+3}
rElec   .            I - +0 cloak
rCorr   +            V - +2 pair of gloves "Ziasoili" {Int+3}
SInv    .            X - +1 pair of boots "Yfinin" {Will+}
Will    ++...        R - amulet of reflection
Stlth   +++          t - +6 ring of strength
HPRegen 1.19/turn    m - ring of resist corrosion
MPRegen 0.24/turn

%: reflection
@: about to teleport, studying Fighting
A: high MP 1, forlorn, divine attributes, frail 1
a: no special abilities


You were on level 13 of the Dungeon.
You visited 3 branches of the dungeon, and saw 20 of its levels.
You also visited: Sewer, Ossuary and Gauntlet.

You collected 1973 gold pieces.
You spent 1658 gold pieces at shops.

Inventory:

Hand Weapons
 a - a +3 flail of protection
 b - a +2 whip of venom
 c - a +2 flail of holy wrath (weapon)
 d - a +2 heavy flail
Missiles
 i - 10 boomerangs (quivered)
Armour
 v - a +1 helmet of intelligence (worn)
 I - a +0 cloak (worn)
 L - a +0 troll leather armour (worn)
 V - the +2 pair of gloves "Ziasoili" (worn) {Int+3}
   (You bought it in a shop on level 2 of the Orcish Mines)

   Int:       It affects your intelligence (+3).
 X - the +1 pair of boots "Yfinin" (worn) {Will+}
   (You found it in a Gauntlet)

   Will:      It increases your willpower.
 Y - a +1 scale mail of cold resistance
Jewellery
 j - a ring of fire
 m - a ring of resist corrosion (right hand)
 p - a ring of poison resistance
 t - a +6 ring of strength (left hand)
 y - a ring of flight
 z - a ring of fire
 B - a ring of ice
 R - an amulet of reflection (around neck)
Wands
 g - a wand of digging (7)
 h - a wand of mindburst (6)
 l - a wand of paralysis (12)
 n - a wand of flame (33)
 u - a wand of roots (5)
 N - a wand of quicksilver (7)
 Q - a wand of polymorph (8)
Scrolls
 o - 9 scrolls of teleportation
 q - 2 scrolls of blinking
 s - 3 scrolls of poison
 D - 2 scrolls of fear
 E - 10 scrolls of vulnerability
 H - 2 scrolls of immolation
 P - a scroll of butterflies
 T - 4 scrolls of fog
Potions
 e - 2 potions of attraction {unknown}
 f - 2 potions of haste
 k - 7 potions of curing
 w - a potion of brilliance {unknown}
 x - a potion of resistance {unknown}
 A - 3 potions of invisibility
 C - 3 potions of lignification
 G - a potion of degeneration {unknown}
 J - 3 potions of cancellation
 K - 2 potions of might
 M - a potion of heal wounds {unknown}
 O - 2 potions of ambrosia {unknown}
Miscellaneous
 r - a piece from Xom's chessboard (14/15)
 S - a phial of floods (inert)


   Skills:
 + Level 14.5 Fighting
 - Level 12.0 Maces & Flails
 - Level 1.7 Dodging
 - Level 4.5 Stealth
 - Level 12.0 Spellcasting
 + Level 10.2 Translocations
 + Level 6.5 Evocations


You had 7 spell levels left.
You knew the following spells:

 Your Spells              Type           Power      Damage    Failure   Level
a - Cigotuvi's Dreadful   Necr/Pois/Air  26%        N/A       9%          2
b - Dispersal             Tloc           27%        N/A       12%         6
c - Blink                 Tloc           100%       N/A       1%          2
d - Teleport Other        Tloc           55%        N/A       1%          3
e - Gell's Gravitas       Tloc           55%        N/A       1%          3
f - Volatile Blastmotes   Fire/Tloc      70%        2d15      1%          3
g - Manifold Assault      Tloc           55%        N/A       1%          4
h - Iskenderun's Mystic   Conj/Tloc      35%        2d8       7%          4
i - Mephitic Cloud        Conj/Pois/Air  13%        N/A       16%         3

Your spell library contained the following spells:

 Spells                   Type           Power      Damage    Failure   Level
 Foxfire                  Conj/Fire      52%        2x1d6     5%          1
 Freeze                   Ice            52%        1d6       5%          1
 Magic Dart               Conj           52%        1d5       5%          1
 Necrotise                Necr           52%        1d6       5%          1
 Sandblast                Erth           26%        2d8       5%          1
 Shock                    Conj/Air       52%        1d6       5%          1
 Slow                     Hex            52%        N/A       5%          1
 Sting                    Tmut/Pois      52%        1d5       5%          1
 Call Imp                 Summ           26%        N/A       9%          2
 Ensorcelled Hibernation  Hex/Ice        26%        N/A       9%          2
 Passwall                 Tmut/Erth      10%        N/A       9%          2
 Poisonous Vapours        Pois/Air       26%        N/A       9%          2
 Scorch                   Fire           26%        2d6       9%          2
 Confusing Touch          Hex            13%        N/A       16%         3
 Frozen Ramparts          Ice            26%        1d4       16%         3
 Hailstorm                Conj/Ice       13%        3d5       16%         3
 Ignite Poison            Fire/Tmut/Pois 13%        N/A       16%         3
 Stone Arrow              Conj/Erth      26%        3d8       16%         3
 Swiftness                Air            13%        N/A       16%         3
 Vampiric Draining        Necr           13%        2d6       16%         3
 Airstrike                Air            6%         2d(1-17)  47%         4
 Flame Wave               Conj/Fire      13%        2d6       47%         4
 Fulminant Prism          Conj/Hex       6%         3d7       47%         4
 Olgreb's Toxic Radiance  Pois           13%        N/A       47%         4
 Agony                    Necr           13%        N/A       83%         5
 Arcjolt                  Conj/Air       6%         1d16      83%         5
 Freezing Cloud           Conj/Ice/Air   6%         6-21      83%         5
 Iskenderun's Battlesphe  Conj           13%        2d7       83%         5
 Summon Cactus Giant      Summ           6%         N/A       100%        6


Dungeon Overview and Level Annotations

Branches:
Dungeon (13/15)            Temple (0/1) D:5            Lair (5/5) D:8
 Shoals (0/4) Lair:3       Spider (0/4) Lair:2        Slime (0/5) Lair:5
    Orc (2/2) D:10            Elf (0/3) Orc:2         Sewer (visited)
Ossuary (visited)         Gauntlet (visited)
 Vaults: D:13-14

Shops:
D:1 [   D:2 (   D:7 *   D:9 :   D:10 *   Orc:1 ?   Orc:2 *((!

Annotations:
D:9 Erolcha, Gastronok
Lair:4 2 transporters


Innate Abilities, Weirdness & Mutations

You have an increased reservoir of magic. (+10% MP)
You shall have no god before yourself.
Your divine heritage dramatically boosts your attributes as you level up.
You are frail. (-10% HP)


Message History

Aiming: Paralyse
Press: ? - help, Shift-Dir - straight line, f/p - jiangshi
Aim: a jiangshi (lightly damaged, chance to affect: 16%)
The jiangshi resists with almost no effort.
The jiangshi claws you!
* * * LOW HITPOINT WARNING * * *
The jiangshi draws strength from your injuries!
You block the jiangshi's attack.
Unknown command.
Unknown command.
Unknown command.
Casting: Iskenderun's Mystic Blast (dangerous; 7% risk of failure)
Confirm with . or Enter, or press ? or * to list all spells.
You blink.
Unknown command.
Unknown command.
Unknown command.
Unknown command.
The jiangshi claws you.
* * * LOW HITPOINT WARNING * * *
The jiangshi draws strength from your injuries!
The jiangshi barely misses you.
Unknown command.
Unknown command.
Casting: Blink (safe; 1% risk of failure)
Confirm with . or Enter, or press ? or * to list all spells.
You blink.
Unknown command.
Okay, then.
You make a move on Xom's chessboard...
The jiangshi flickers and vanishes!
Deactivating autopickup; reactivate with Ctrl-A.
As you read the scroll of teleportation, it crumbles to dust.
You feel strangely unstable. Something claws you.
* * * LOW HITPOINT WARNING * * *
Something draws strength from your injuries!
Something claws you!
* * * LOW HITPOINT WARNING * * *
Something draws strength from your injuries!
Something claws you.
You die...

##....# #....#
#....#
###+###+###+###
#....#
#...'.'.......#
#....#
########.#####'###
#....#
#....#.'.#._...#
#....#
#.##'###.#####'###
#....#
#.##...'.'......@#
#....#
#.####'###'###'###
#....# '.# #.# #$
#)# #....# #.# ###
## ### #....#
..#### #########
#....# .....#
#.......# #....#
.....# #.......#
#.<..#
.....#####.(.....#
#....#
.................#
#....#


There were no monsters in sight!

Vanquished Creatures
  2 orc warlords (Orc:2)
  A vampire knight (D:13)
  A dire elephant (Gauntlet)
  A minotaur (Gauntlet)
  2 jiangshi (D:13)
  4 hydras
  3 catoblepae
  7 two-headed ogres
  A centaur warrior (D:13)
  4 boulder beetles
  3 death yaks (Lair:5)
  4 orc high priests (Orc:2)
  A death scarab (Gauntlet)
  Nergalle (Lair:1)
  3 skeletal warriors (D:12)
  A lindwurm (Lair:2)
  6 orc knights (Orc:2)
  4 orc sorcerers (Orc:2)
  A manticore (D:12)
  11 elephants
  5 black mambas
  A torpor snail (Lair:5)
  Maggie (D:9)
  12 cane toads
  A gargoyle (D:11)
  Psyche (D:11)
  4 rime drakes
  6 komodo dragons
  A minotaur zombie (Gauntlet)
  7 trolls
  3 meliai
  6 hornets
  9 polar bears
  17 blink frogs
  7 dream sheep
  A vampire (D:13)
  9 spriggans (Lair:5)
  2 wraiths
  9 wyverns
  47 yaks
  7 basilisks
  Eustachio (D:4)
  A steam dragon (D:7)
  10 vampire mosquitoes
  3 swamp worms (Gauntlet)
  A spectral cane toad (Gauntlet)
  24 water moccasins
  4 wargs
  3 acid dragons
  6 black bears
  51 orc warriors
  13 ogres
  A black bear (shapeshifter) (D:13)
  3 boggarts (Lair:5)
  4 sky beasts
  25 wolves
  A kobold brigand (D:8)
  2 elf zombies (Ossuary)
  12 bullfrogs
  3 scorpions
  A gnoll sergeant (D:7)
  14 wights
  6 killer bees
  7 electric eels
  4 howler monkeys
  A centaur zombie (Ossuary)
  2 hounds
  2 human zombies (Ossuary)
  2 jellies
  23 orc priests
  2 gnoll boudas
  2 sleepcaps (D:6)
  2 iguanas
  13 orc wizards
  3 mummies
  7 gnolls
  13 adders
  2 shadow imps
  A white imp (D:6)
  An ufetubus (D:6)
  An adder zombie (Ossuary)
  2 worms (D:3)
  6 dart slugs
  81 orcs
  4 bats
  12 endoplasms
  15 giant cockroaches
  5 hobgoblins
  2 jackals (D:1)
  14 kobolds
  15 quokkas
  17 ball pythons
  9 frilled lizards
  6 goblins
  A goblin zombie (Ossuary)
  13 hobgoblin zombies (Ossuary)
  A jackal zombie (Ossuary)
  11 kobold zombies (Ossuary)
  4 orc zombies (Ossuary)
  7 rats
  A rat zombie (Ossuary)
  A butterfly (Lair:3)
721 creatures vanquished.

Notes
Turn   | Place    | Note
-------+----------+-------------------------------------------
     0 | D:5      | drugrobin the Demigod Delver began the quest for the Orb.
     0 | D:5      | Reached XP level 1. HP: 18/18 MP: 3/3
    24 | D:5      | Noticed a scorpion
    61 | D:4      | Noticed an iguana
    80 | D:3      | Noticed a jelly
   162 | D:3      | Found a glowing drain.
   189 | D:3      | Reached skill level 1 in Evocations
   204 | D:3      | Found a transporter.
   213 | D:3      | Reached XP level 2. HP: 17/25 MP: 4/4
   262 | D:3      | Noticed an electric eel
   262 | D:3      | Noticed an electric eel
   290 | D:3      | Noticed an electric eel
   301 | D:3      | Found a transporter.
   328 | D:3      | HP: 1/25 [electric eel/bolt of electricity (8)]
   329 | D:3      | Killed an electric eel
   330 | D:3      | Reached XP level 3. HP: 2/30 MP: 5/5
   399 | D:3      | Reached XP level 4. HP: 24/37 MP: 6/6
   440 | Sewer    | Entered a sewer
   657 | Sewer    | Reached XP level 5. HP: 36/42 MP: 7/7
  1235 | Sewer    | Reached XP level 6. HP: 50/50 MP: 8/8
  1378 | D:2      | Found Daut's Antique Weapon Shoppe.
  1717 | D:1      | Reached skill level 5 in Maces & Flails
  1958 | D:1      | Found Betz's Antique Armour Shoppe.
  2198 | D:1      | Learned a level 2 spell: Cigotuvi's Dreadful Rot
  3701 | D:4      | Noticed Eustachio
  3706 | D:4      | Killed Eustachio
  3707 | D:4      | Reached XP level 7. HP: 53/56 MP: 9/9
  4122 | D:5      | Learned a level 1 spell: Necrotise
  4838 | D:6      | Reached XP level 8. HP: 34/62 MP: 10/10
  4861 | D:6      | Found a sand-covered staircase.
  4870 | Ossuary  | Entered an ossuary
  5433 | D:1      | Bought a pair of embroidered boots for 210 gold pieces
  5610 | D:6      | Learned a level 2 spell: Blink
  5882 | D:7      | Found Wiecoedd's General Store.
  6072 | D:7      | Reached skill level 10 in Maces & Flails
  6638 | D:7      | Reached XP level 9. HP: 33/68 MP: 11/11
  6736 | D:7      | Gained mutation: You are partially covered in iridescent
                  | scales. (AC +2) [potion of mutation]
  6736 | D:7      | Gained mutation: You are frail. (-10% HP) [potion of
                  | mutation]
  6736 | D:7      | Lost mutation: You are partially covered in iridescent
                  | scales. (AC +2) [potion of mutation]
  6736 | D:7      | HP: 3/61 [orc priest/divine providence (12)]
  7660 | D:8      | Reached skill level 3 in Fighting
  7679 | D:8      | Reached skill level 1 in Spellcasting
  7699 | D:8      | Reached skill level 1 in Translocations
  7771 | D:8      | Found a staircase to the Lair.
  8154 | D:8      | Reached skill level 4 in Fighting
  8416 | D:9      | Learned a level 3 spell: Teleport Other
  8420 | D:9      | Learned a level 3 spell: Gell's Gravitas
  8442 | D:9      | Reached XP level 10. HP: 71/71 MP: 17/17
  8443 | D:9      | Noticed Erolcha
  8559 | D:9      | Found Vinavegh's Self-Improvement Boutique.
  8658 | D:9      | Noticed Gastronok
  8718 | D:9      | Noticed Maggie
  8732 | D:9      | Killed Maggie
  9291 | D:9      | Reached skill level 5 in Fighting
  9699 | Lair:1   | Entered Level 1 of the Lair of Beasts
 10505 | Lair:1   | Reached skill level 6 in Fighting
 10505 | Lair:1   | Reached skill level 5 in Translocations
 10710 | Lair:1   | Noticed a black mamba
 11143 | Lair:1   | Learned a level 3 spell: Volatile Blastmotes
 11153 | Lair:1   | Noticed a boulder beetle
 11176 | Lair:1   | Noticed Nergalle
 11356 | Lair:1   | Killed Nergalle
 11357 | Lair:1   | Reached skill level 5 in Spellcasting
 11624 | D:10     | Entered Level 10 of the Dungeon
 11624 | D:10     | Found a staircase to the Orcish Mines.
 11626 | D:10     | Noticed a two-headed ogre
 11898 | D:7      | Bought a +3 flail of protection for 254 gold pieces
 11988 | D:8      | Reached XP level 11. HP: 73/81 MP: 19/22
 12590 | Lair:1   | Reached skill level 7 in Fighting
 12850 | Lair:1   | Killed a boulder beetle
 12941 | Lair:1   | Learned a level 4 spell: Manifold Assault
 13506 | Lair:1   | Identified a scroll of acquirement
 13507 | Lair:1   | Acquired the amulet of Owicza {RegenMP Str+3 Dex+6}
 13848 | Lair:2   | Noticed a catoblepas
 14259 | Lair:2   | Reached skill level 8 in Fighting
 14259 | Lair:2   | Noticed a five-headed hydra
 15069 | Lair:2   | Killed a catoblepas
 15109 | Lair:2   | Killed a five-headed hydra
 15366 | Lair:2   | Reached XP level 12. HP: 71/92 MP: 27/27
 15630 | Lair:2   | Found a hole to the Spider Nest.
 15712 | Lair:2   | Reached skill level 9 in Fighting
 15988 | Lair:3   | Noticed a five-headed hydra
 16107 | Lair:3   | Learned a level 4 spell: Iskenderun's Mystic Blast
 16111 | Lair:3   | Learned a level 3 spell: Mephitic Cloud
 17204 | Lair:3   | Found a staircase to the Shoals.
 17576 | Lair:3   | Reached skill level 10 in Fighting
 17689 | Lair:3   | Killed a five-headed hydra
 18292 | Lair:4   | Found a transporter.
 18294 | Lair:4   | Found a transporter.
 18295 | Lair:4   | Noticed a boulder beetle
 18295 | Lair:4   | Noticed a boulder beetle
 19377 | Lair:5   | Entered Level 5 of the Lair of Beasts
 20034 | Lair:5   | Reached skill level 11 in Fighting
 20168 | Lair:5   | Reached XP level 13. HP: 49/104 MP: 14/31
 20463 | Lair:5   | Reached skill level 10 in Spellcasting
 22021 | Lair:5   | Reached skill level 12 in Fighting
 22053 | Lair:5   | Found a staircase to the Slime Pits.
 23590 | D:10     | Found Xydow's Neck Hole.
 23597 | D:10     | Bought an amulet of regeneration for 420 gold pieces
 23972 | D:11     | Learned a level 6 spell: Dispersal
 24081 | D:11     | Noticed Psyche
 24089 | D:11     | Killed Psyche
 24772 | Orc:1    | Entered Level 1 of the Orcish Mines
 25579 | Orc:1    | Found Ecooh's Magic Scroll Shop.
 25582 | Orc:1    | Bought a scroll of butterflies for 60 gold pieces
 25582 | Orc:1    | Bought a scroll of identify for 30 gold pieces
 25582 | Orc:1    | Bought a scroll of teleportation for 45 gold pieces
 26029 | Orc:2    | Entered Level 2 of the Orcish Mines
 26160 | Orc:2    | Reached skill level 13 in Fighting
 26537 | Orc:2    | Found Lerr's Distillery.
 26576 | Orc:2    | Bought a potion of berserk rage for 85 gold pieces
 26576 | Orc:2    | Bought a potion of invisibility for 136 gold pieces
 26583 | Orc:2    | Found Qazuil's Antique Weapon Shop.
 26617 | Orc:2    | Reached XP level 14. HP: 48/116 MP: 8/34
 27828 | Orc:2    | Noticed an orc warlord
 28052 | Orc:2    | Found a staircase to the Elven Halls.
 28548 | Orc:2    | Noticed an orc warlord
 28723 | Orc:2    | Killed an orc warlord
 29594 | Orc:2    | Reached skill level 5 in Evocations
 29709 | Orc:2    | Found Yfyotann's Assorted Antiques.
 29718 | Orc:2    | Bought a fluorescent wand for 124 gold pieces
 29718 | Orc:2    | Bought a pair of jewelled gloves for 294 gold pieces
 29718 | Orc:2    | Identified the +2 pair of gloves "Ziasoili" {Int+3} (You
                  | bought it in a shop on level 2 of the Orcish Mines)
 29756 | Orc:2    | Found Wyaskoe's Antique Weapon Boutique.
 30007 | Orc:2    | HP: 1/117 [orc warlord/+1 great sword of holy wrath (19)]
 30018 | Orc:2    | Killed an orc warlord
 30598 | D:12     | Found a gate leading to a gauntlet.
 30617 | Gauntlet | Entered a Gauntlet
 30617 | Gauntlet | Found a transporter.
 30617 | Gauntlet | Found a transporter.
 30617 | Gauntlet | Found a runed translucent gate.
 30646 | Gauntlet | Found a runed translucent gate.
 30651 | Gauntlet | Found a runed translucent gate.
 30658 | Gauntlet | Found a transporter.
 30662 | Gauntlet | Found a transporter.
 30670 | Gauntlet | Found a transporter.
 30674 | Gauntlet | Found a transporter.
 30685 | Gauntlet | Found a transporter.
 30698 | Gauntlet | Found a transporter.
 30712 | Gauntlet | Found a transporter.
 30716 | Gauntlet | Found a transporter.
 30724 | Gauntlet | Found a transporter.
 30728 | Gauntlet | Found a transporter.
 31024 | Gauntlet | Reached skill level 14 in Fighting
 31240 | Gauntlet | Identified the +1 pair of boots "Yfinin" {Will+}
 31721 | D:12     | Reached skill level 10 in Translocations
 32743 | D:13     | HP: 3/119 [vampire knight/vampiric draining (16)]
 32846 | D:13     | Got the Quarto of Tropical Attacks
 32928 | D:13     | HP: 1/119 [something (15)]
 32928 | D:13     | Slain by a jiangshi

Illustrated notes

Levels and vault maps discovered:
D:1:      beargit_arrival_diablo_church, layout_basic, serial_shops,
          shop_statue, chequers_serial_rivers_room_a
D:2:      kb_forest_paths, layout_basic, basic_ecumenical_altar, serial_shops,
          shop, roderic_roman_lattice
D:3:      gammafunk_steamed_eel, layout_loops_ring, nicolae_overflow_squiral,
          mainiacjoe_overflow_catwalk, portal_sewer_entry_f
D:4:      layout_basic, uniq_eustachio
D:5:      layout_rooms, minmay_temple_entry_offerings, eino_tiny_chamber,
          corexii_shack
D:6:      layout_rooms, slow_altar_1, amcnicky_altar_gilded,
          nicolae_ossuary_entry_monument
D:7:      layout_gridville, serial_shops, nicolae_shop_hallway_plus
D:8:      layout_basic, minmay_lair_entry_grove
D:9:      layout_gridville, mainiacjoe_overflow_alcove_2,
          nicolae_shop_self_help, uniq_erolcha, uniq_gastronok, uniq_maggie
D:10:     layout_loops_ring, mainiacjoe_overflow_catch_the_wave, david_orc_2,
          st_stairs_11, nicolae_shop_sticking_my_neck_out
D:11:     layout_rooms, uniq_psyche
D:12:     layout_basic, gauntlet_entry_generic
D:13:     layout_gridville, grunt_vaults_entry_tiered, nicolae_nh_vlads_tower
Lair:1:   layout_loops_ring, cheibrodos_lair_lostbears, uniq_nergalle
Lair:2:   layout_chaotic_city, dummy_spider_entry, nzn_random_ring
Lair:3:   layout_regular_city, shoals_dummy_entry, serial_bayou_shore_a,
          lemuel_fruit_fields, infiniplex_staircase_pool
Lair:4:   gammafunk_boulding_lane, layout_regular_city, serial_bayou_pond_a
Lair:5:   minmay_lair_end_enchanted_forest, layout_loops_ring,
          dpeg_slime_entry_enclosed
Orc:1:    nicolae_orc_accident_1, layout_caves, serial_shops,
          nicolae_shop_rolled_up
Orc:2:    pubby_orc_utopia

Skill      XL: |  1  2  3  4  5  6  7  8  9 10 11 12 13 14 |
---------------+-------------------------------------------+-----
Maces & Flails | 2 3 4 6 8 10 12 | 12.0
Evocations     | 1 2 3 4 6 |  6.5
Fighting       | 4 6 8 11 13 14 | 14.5
Spellcasting   | 2 5 7 9 11 12 | 12.0
Translocations | 2 5 8 10 | 10.2
Dodging        | |  1.7
Stealth        | |  4.5

Action                     |  1- 3 |  4- 6 |  7- 9 | 10-12 | 13-15 || total
---------------------------+-------+-------+-------+-------+-------++-------
  Melee: Mace              |    45 |   280 |   304 |   102 |       ||   731
         Punch             |       |     1 |     1 |    18 |    16 ||    36
         Whip              |       |       |   134 |   421 |   516 ||  1071
         Flail             |       |       |       |   340 |   815 ||  1155
   Fire: Sling             |       |    16 |     9 |       |       ||    25
  Throw: Boomerang         |       |    13 |    65 |    28 |     7 ||   113
   Cast: Teleport Other    |       |       |       |    27 |     3 ||    30
         Necrotise         |       |       |       |     4 |       ||     4
         Volatile Blastmot |       |       |       |   101 |    64 ||   165
         Blink             |       |       |       |     8 |    26 ||    34
         Gell's Gravitas   |       |       |       |    13 |    83 ||    96
         Manifold Assault  |       |       |       |    79 |   238 ||   317
         Mephitic Cloud    |       |       |       |     4 |    11 ||    15
         Iskenderun's Myst |       |       |       |     3 |    12 ||    15
  Evoke: Wand              |     3 |     6 |    19 |    15 |    30 ||    73
         Phial of floods   |       |       |       |       |     2 ||     2
         Piece from Xom's  |       |       |       |       |     2 ||     2
    Use: Scroll            |     1 |       |     2 |    13 |     6 ||    22
         Potion            |       |       |     3 |       |     1 ||     4
   Stab: Sleeping          |     1 |     7 |    12 |     4 |     9 ||    33
         Paralysed         |       |       |       |    16 |       ||    16
         Confused          |       |       |       |     5 |     7 ||    12
         Petrified         |       |       |       |       |     2 ||     2
         Distracted        |       |       |       |       |     1 ||     1
 Armour: Leather armour    |    13 |    64 |    95 |       |       ||   172
         Chain mail        |       |    17 |       |       |       ||    17
         Ring mail         |       |     4 |       |       |       ||     4
         Acid dragon scale |       |       |    33 |   282 |   110 ||   425
         Troll leather arm |       |       |       |       |   160 ||   160
  Dodge: Dodged            |    28 |   207 |   194 |   362 |   379 ||  1170
  Block: Other             |       |       |       |       |    72 ||    72
         Reflection        |       |       |       |       |     2 ||     2

Table legend: (Time is in decaauts)
 A = Elapsed time spent in this place.
 B = Non-inter-level travel time spent in this place.
 C = Inter-level travel time spent in this place.
 D = Time resting spent in this place.
 E = Time spent auto-exploring this place.
 F = Levels seen in this place.
 G = Mean time per level.
                   A        B        C        D        E       F      G
               +--------+--------+--------+--------+--------+-----+--------+
         Total |  32445 |  31098 |   1347 |   5523 |  17091 |  23 | 1410.7 |
       Dungeon |  13327 |  12523 |    804 |   2204 |   6892 |  13 | 1025.2 |
          Lair |  11644 |  11302 |    342 |   2514 |   6227 |   5 | 2328.8 |
  Orcish Mines |   5356 |   5155 |    201 |    460 |   3276 |   2 | 2678.0 |
         Sewer |    949 |    949 |      0 |    134 |    221 |   1 |  949.0 |
       Ossuary |    407 |    407 |      0 |     58 |    149 |   1 |  407.0 |
      Gauntlet |    760 |    760 |      0 |    150 |    325 |   1 |  760.0 |
               +--------+--------+--------+--------+--------+-----+--------+

Top non-repeatable levels by time:
   Orc:2: 4039 daAuts
  Lair:5: 3274 daAuts
  Lair:1: 2953 daAuts
  Lair:2: 2701 daAuts
     D:8: 2155 daAuts
     D:9: 1616 daAuts
     D:7: 1499 daAuts
  Lair:4: 1369 daAuts
  Lair:3: 1345 daAuts
   Orc:1: 1316 daAuts
    D:10: 1207 daAuts
    D:12: 1057 daAuts
     D:1: 1056 daAuts
     D:3: 987 daAuts
   Sewer: 949 daAuts
